Map: [ESL] Radhuset Station

Players

Solar - Winner!

  • Race: Zerg Zerg
  • Spawn Location: 7:00

Spirit

  • Race: Terran Terran
  • Spawn Location: 1:00

Event: IEM Katowice 2024

VOD

Have the link to the VOD?

Description

Time

  • Played on: Feb. 10, 2024, 5:59 a.m.
  • Length: 27:04

All games in this series

Show
View Real Time Build Order
Export as new Build Order

Solar Zerg - Winner!

Build Orders: Hatch First 

Get SALT Encoding   

  12  0:00  Drone  
  13  0:07  Drone  
  13  0:13  Extractor  
  13  0:14  Drone  
  15  0:36  Hatchery  
  15  0:41  Extractor, Drone  
  15  0:48  Overlord  
  15  1:03  Spawning Pool  
  14  1:07  Drone  
  14  1:10  Drone  
  16  1:14  Drone  
  17  1:20  Drone  
  18  1:30  Drone  
  20  1:40  Drone  
  20  1:49  Queen x2  
  20  1:51  Drone x2  
  26  2:01  Overlord  
  26  2:02  Drone  
  27  2:10  Drone  
  28  2:20  Hatchery  
  28  2:22  Drone  
  28  2:24  Drone  
  29  2:31  Queen  
  29  2:34  Drone  
  29  2:35  Extractor  
  31  2:38  Drone  
  31  2:41  Overlord  
  33  2:44  Drone  
  33  2:46  Drone  
  34  2:53  Drone  
  34  2:54  Drone  
  36  3:00  Drone x3  
  36  3:04  Drone  
  36  3:05  Queen  
  42  3:11  Overlord  
  42  3:15  Drone  
  43  3:24  Extractor, Queen  
  45  3:28  Overlord  
  45  3:31  Drone x5  
  50  3:36  Queen  
  50  3:39  Drone x2  
  54  3:43  Drone x2  
  54  3:45  Metabolic Boost  
  54  3:48  Drone x2  
  57  3:54  Drone x2, Overlord  
  60  3:59  Drone  
  60  4:02  Queen  
  63  4:08  Drone x3  
  66  4:10  Overlord  
  66  4:12  Overlord  
  66  4:14  Zergling x2  
  67  4:18  Drone x3, Lair  
  67  4:20  Extractor  
  67  4:21  Drone  
  67  4:23  Drone x2  
  72  4:28  Drone  
  72  4:30  Spore Crawler  
  72  4:31  Zergling x4  
  72  4:32  Spore Crawler  
  72  4:34  Drone  
  72  4:35  Drone x2  
  76  4:40  Hatchery  
  76  4:43  Extractor x2  
  76  4:45  Queen  
  75  4:53  Drone x6  
  75  4:55  Baneling Nest  
  75  4:58  Overlord  
  80  5:01  Drone x4  
  80  5:05  Evolution Chamber x2  
  82  5:09  Zergling x4  
  82  5:10  Drone  
  82  5:11  Extractor x2  
  83  5:16  Overseer  
  83  5:17  Overlord  
  83  5:18  Drone x4  
  83  5:19  Overseer  
  83  5:21  Drone x2  
  89  5:26  Drone x5  
  94  5:32  Zerg Melee Weapons Level 1, Zerg Ground Armor Level 1  
  94  5:36  Overlord  
  94  5:38  Zergling x4  
  96  5:42  Spire  
  96  5:43  Drone  
  96  5:44  Drone  
  96  5:48  Overlord  
  97  5:52  Queen  
  97  5:53  Centrifugal Hooks  
  97  5:55  Drone x3  
  102  5:57  Drone  
  102  5:59  Zergling x4  
  102  6:00  Zergling x2  
  102  6:02  Drone x2  
  108  6:04  Extractor x2  
  108  6:05  Zergling x6  
  108  6:07  Overlord  
  108  6:10  Zergling x6  
  112  6:12  Overlord  
  112  6:14  Overlord  
  112  6:18  Baneling x7  
  112  6:21  Baneling x2  
  112  6:22  Drone x3  
  112  6:24  Overlord  
  115  6:26  Zergling x6  
  115  6:27  Zergling x2  
  115  6:28  Zergling x2  
  115  6:30  Overlord  
  119  6:33  Overlord  
  119  6:35  Baneling x2  
  119  6:36  Zergling x8  
  119  6:39  Overlord  
  123  6:40  Overlord  
  123  6:42  Zergling x4  
  123  6:43  Zergling x2  
  123  6:46  Drone  
  123  6:47  Baneling  
  127  6:55  Mutalisk x5  
  127  6:58  Zerg Flyer Weapons Level 1  
  127  6:59  Mutalisk x2  
  141  7:01  Mutalisk  
  141  7:03  Mutalisk  
  141  7:05  Drone x2  
  141  7:07  Drone x2  
  149  7:09  Mutalisk  
  149  7:11  Mutalisk  
  153  7:20  Drone  
  154  7:24  Mutalisk x3  
  154  7:27  Hatchery  
  154  7:28  Drone, Overlord  
  154  7:29  Drone  
  161  7:30  Overlord  
  161  7:36  Drone  
  162  7:37  Infestation Pit  
  162  7:38  Drone x2  
  162  7:41  Mutalisk x2  
  162  7:43  Overlord  
  167  7:45  Zergling x16  
  167  7:47  Overlord  
  167  7:50  Zerg Ground Armor Level 2  
  175  7:55  Zerg Melee Weapons Level 2  
  175  8:02  Infestation Pit  
  175  8:04  Hatchery  
  174  8:08  Drone x6  
  174  8:09  Drone x5  
  185  8:13  Mutalisk x3  
  185  8:14  Baneling  
  185  8:15  Baneling  
  185  8:17  Spore Crawler  
  190  8:24  Pneumatized Carapace, Overseer  
  190  8:28  Hive  
  190  8:30  Zergling x10  
  190  8:31  Zergling x10  
  200  8:38  Burrow  
  200  8:40  Baneling x8  
  200  8:45  Hatchery  
  199  8:57  Baneling x10  
  199  9:00  Zerg Flyer Weapons Level 2  
  198  9:15  Hatchery  
  197  9:22  Zergling x2  
  197  9:23  Zergling x10  
  199  9:28  Zergling x28  
  199  9:29  Zergling x2  
  193  9:33  Zergling x20  
  199  9:41  Adrenal Glands  
  199  9:42  Ultralisk Cavern  
  199  9:44  Baneling x18  
  198  9:51  Drone  
  199  10:03  Baneling x3  
  197  10:16  Zergling x10  
  197  10:17  Zergling x2  
  197  10:18  Zergling x2  
  197  10:19  Zergling x2  
  199  10:29  Zerg Ground Armor Level 3, Zerg Melee Weapons Level 3  
  199  10:30  Chitinous Plating  
  199  10:31  Zergling x4  
  197  10:36  Zergling x4  
  199  10:47  Hatchery  
  199  10:48  Extractor  
  199  10:49  Zergling x4  
  199  10:50  Extractor  
  199  10:51  Zergling x2  
  199  11:10  Mutalisk x4  
  199  11:12  Hatchery  
  199  11:15  Mutalisk x4  
  198  11:22  Overseer x2  
  198  11:25  Baneling x5  
  196  11:26  Baneling x4  
  196  11:29  Zergling x6  
  196  11:32  Zerg Flyer Armor Level 1  
  199  11:49  Anabolic Synthesis  
  199  12:00  Overseer  
  199  12:03  Nydus Network  
  199  12:08  Zergling x4, Ultralisk  
  200  12:20  Spore Crawler  
  200  12:22  Spore Crawler  
  198  12:23  Drone x2  
  200  12:43  Hatchery  
  199  12:53  Extractor x2  
  197  13:00  Drone x3  
  197  13:01  Spore Crawler  
  197  13:03  Nydus Canal  
  199  13:10  Zerg Missile Weapons Level 1  
  199  13:12  Zergling x8  
  195  13:22  Zergling x16  
  195  13:23  Zergling x8  
  195  13:25  Spore Crawler  
  194  13:30  Zergling x12  
  158  13:42  Zerg Flyer Armor Level 2, Corruptor x5  
  158  13:43  Corruptor x2  
  158  13:44  Corruptor  
  158  13:46  Ultralisk x2  
  158  13:47  Ultralisk, Corruptor x3  
  199  13:57  Zergling x8  
  199  14:02  Baneling x10  
  189  14:18  Zergling x22  
  189  14:20  Baneling x13  
  199  14:26  Spore Crawler  
  199  14:27  Drone, Spore Crawler  
  199  14:28  Drone  
  199  14:57  Zergling x2  
  200  15:06  Baneling x2  
  199  15:14  Zergling x2  
  199  15:18  Zergling x6  
  198  15:24  Zergling x6  
  198  15:26  Zergling x2  
  198  15:27  Zergling x2  
  198  15:28  Zergling x2  
  182  15:36  Drone x5  
  182  15:38  Drone x4  
  182  15:39  Baneling x2  
  182  15:40  Zergling x16  
  199  15:53  Drone x8  
  199  16:06  Zerg Flyer Weapons Level 3  
  198  16:15  Zergling x16  
  198  16:16  Overlord  
  198  16:18  Overlord x2  
  194  16:22  Overlord x3  
  194  16:23  Overseer  
  193  16:30  Overlord  
  193  16:31  Nydus Canal  
  193  16:32  Overlord  
  193  16:34  Overlord  
  193  16:35  Overlord  
  193  16:36  Drone x3  
  193  16:39  Zergling x14  
  199  16:43  Zergling x4  
  195  16:48  Zergling x10  
  195  16:52  Zergling x4  
  198  17:02  Zergling x2  
  198  17:04  Overseer x2  
  198  17:06  Overseer x3  
  198  17:16  Ultralisk  
  198  17:20  Zergling x12  
  200  17:23  Nydus Canal  
  199  17:31  Zergling x2  
  199  17:33  Drone  
  199  17:36  Zergling x4  
  199  17:38  Zergling x4  
  199  17:44  Zergling x54  
  175  17:49  Zergling x10  
  200  17:53  Nydus Canal  
  200  17:56  Baneling x24  
  200  17:57  Baneling  
  200  18:00  Overseer  
  200  18:05  Drone  
  200  18:09  Zergling x2  
  200  18:10  Zergling x24  
  193  18:14  Zergling x12  
  197  18:35  Drone x3  
  197  18:37  Baneling  
  197  18:38  Baneling x9  
  200  18:44  Hatchery  
  200  18:46  Baneling x6  
  199  18:59  Drone  
  199  19:01  Zergling x2  
  199  19:02  Zergling x4  
  200  19:05  Zergling x4  
  199  19:18  Spore Crawler  
  199  19:20  Zergling x2  
  199  19:28  Overseer  
  199  19:36  Zergling x2  
  198  19:42  Zergling x4  
  200  19:50  Nydus Canal  
  200  19:52  Overseer  
  200  19:53  Zerg Flyer Armor Level 3  
  197  20:01  Zergling x4  
  199  20:07  Nydus Canal  
  199  20:09  Drone  
  199  20:11  Baneling x2  
  199  20:12  Corruptor x4  
  198  20:16  Corruptor  
  198  20:19  Drone  
  199  20:22  Drone x3  
  199  20:27  Zergling x12  
  199  20:28  Zergling x18  
  180  20:32  Zergling x40  
  179  20:38  Zergling x2, Ultralisk  
  179  20:42  Zergling x16  
  192  20:46  Baneling x2  
  192  20:47  Zergling x4, Ultralisk x2  
  189  20:52  Corruptor  
  189  20:53  Corruptor x4  
  166  21:00  Zergling x6, Ultralisk x4  
  166  21:03  Zergling x8  
  170  21:08  Zergling x2, Ultralisk  
  170  21:09  Zergling x6  
  170  21:11  Zergling x8  
  173  21:16  Zergling x4  
  172  21:20  Zergling x6  
  172  21:24  Drone x2  
  172  21:25  Viper  
  172  21:30  Zergling x8, Ultralisk  
  184  21:35  Zergling x6  
  184  21:38  Zergling x6  
  177  21:40  Baneling x5, Corruptor x3  
  177  21:43  Zergling x10, Ultralisk  
  177  21:47  Zergling x8  
  198  21:49  Hatchery  
  198  21:52  Zergling x8  
  198  21:56  Infestor  
  198  22:00  Baneling x8  
  187  22:08  Zergling x26  
  182  22:15  Zergling x2, Ultralisk  
  182  22:16  Zergling x26  
  182  22:21  Zergling x4  
  184  22:26  Zergling x12  
  182  22:33  Zergling x6, Ultralisk  
  182  22:36  Zergling x2  
  187  22:40  Zergling x18  
  187  22:43  Zergling x4  
  187  22:44  Zergling x6  
  192  22:50  Zergling x12  
  198  22:55  Zergling x4  
  198  22:57  Greater Spire  
  194  22:58  Baneling  
  194  22:59  Baneling x23  
  194  23:00  Zergling x10  
  194  23:04  Baneling  
  194  23:05  Baneling x17  
  199  23:31  Zergling x12  
  186  23:36  Zergling x42  
  176  23:41  Ultralisk x2  
  176  23:42  Zergling x16  
  176  23:44  Overlord  
  176  23:46  Overseer x3  
  176  23:47  Overlord x3  
  180  23:53  Zergling x8  
  180  23:54  Overlord  
  184  23:59  Corruptor, Overlord  
  184  24:00  Corruptor x2  
  184  24:01  Baneling x3  
  184  24:02  Baneling x20  
  184  24:04  Corruptor x3  
  184  24:07  Zergling x2  
  191  24:10  Zergling x8  
  191  24:13  Hatchery  
  191  24:15  Overseer  
  191  24:16  Baneling x3, Corruptor x2  
  191  24:17  Corruptor  
  188  24:22  Drone x3  
  197  24:24  Zergling x4  
  193  24:32  Zergling x14  
  199  25:04  Overseer x2  
  199  25:10  Extractor x2  
  199  25:14  Zergling x8  
  199  25:15  Zergling x2  
  169  25:31  Ultralisk x2  
  169  25:35  Zergling x46, Ultralisk x4  
  174  25:38  Ultralisk  
  188  25:43  Baneling x8  
  188  25:44  Zergling x18  
  188  25:47  Zergling x6  
  200  25:54  Zergling x4  
  200  25:58  Baneling x2  
  200  26:01  Hatchery  
  199  26:08  Zergling x14  
  199  26:09  Baneling x3  
  200  26:14  Baneling  
  199  26:19  Zergling x2  
  198  26:26  Zergling x4  
  198  26:31  Drone x3  
  198  26:32  Drone  
  192  26:34  Zergling x2  
  192  26:35  Zergling x14  
  198  26:43  Zergling x6  
Show
View Real Time Build Order
Export as new Build Order

Spirit Terran 

Build Orders: Command Center First 

Get SALT Encoding   

  12  0:00  SCV  
  13  0:12  SCV  
  14  0:17  Supply Depot  
  14  0:24  SCV  
  15  0:39  SCV  
  16  0:53  SCV  
  17  1:00  Command Center  
  17  1:05  SCV  
  18  1:15  Barracks  
  18  1:18  SCV  
  19  1:23  Refinery  
  19  1:30  SCV  
  20  1:42  SCV  
  21  1:55  SCV  
  22  2:02  Marine  
  23  2:08  Orbital Command  
  23  2:12  Orbital Command  
  23  2:20  Marine  
  24  2:27  Command Center  
  24  2:35  SCV  
  25  2:37  SCV  
  25  2:40  Factory  
  26  2:44  Barracks Reactor  
  26  2:47  SCV  
  26  2:49  SCV  
  28  2:59  SCV  
  28  3:02  SCV  
  30  3:07  Command Center  
  30  3:11  SCV  
  31  3:14  SCV  
  31  3:18  Supply Depot  
  32  3:23  SCV  
  32  3:26  SCV  
  34  3:30  Hellion  
  34  3:31  Hellion, Barracks Tech Lab  
  38  3:38  SCV x2  
  38  3:40  Orbital Command  
  40  3:42  Refinery  
  40  3:46  Supply Depot  
  40  3:48  Orbital Command  
  40  3:50  SCV  
  40  3:51  Hellion  
  40  3:52  Hellion  
  45  3:56  Stimpack, Marine  
  45  3:58  SCV  
  48  4:02  SCV  
  48  4:10  SCV  
  48  4:14  SCV  
  48  4:15  Barracks  
  50  4:19  Barracks, Factory Reactor  
  50  4:20  SCV  
  50  4:21  Starport  
  50  4:22  SCV  
  50  4:23  Orbital Command  
  52  4:27  SCV  
  53  4:32  SCV, Refinery x2  
  53  4:34  SCV  
  53  4:37  Supply Depot  
  55  4:39  Marine, SCV  
  55  4:44  SCV  
  58  4:46  SCV  
  58  4:50  Engineering Bay  
  58  4:51  SCV  
  61  4:52  SCV  
  61  4:54  Engineering Bay  
  61  4:56  SCV  
  61  4:57  Marine  
  61  4:58  SCV  
  64  5:00  Starport Reactor  
  64  5:03  SCV  
  64  5:05  SCV  
  66  5:07  Factory Tech Lab, Marine  
  66  5:08  SCV, Supply Depot  
  66  5:09  Marine  
  66  5:11  SCV  
  70  5:15  SCV  
  70  5:16  Marine x3  
  70  5:17  SCV  
  70  5:20  Terran Infantry Weapons Level 1, Terran Infantry Armor Level 1, SCV  
  76  5:25  SCV, Marine  
  76  5:27  Siege Tank, Marine  
  82  5:33  Marine  
  82  5:34  SCV x2  
  85  5:36  Barracks x2, Combat Shield  
  85  5:37  Marine x2  
  85  5:39  Medivac  
  89  5:44  Orbital Command, SCV  
  90  5:51  Medivac  
  90  5:52  SCV x2  
  90  5:53  Refinery  
  90  5:54  Marine x3  
  90  5:55  Marine, Refinery  
  90  5:56  Marauder  
  100  6:01  Supply Depot  
  100  6:02  Supply Depot, SCV  
  101  6:04  Siege Tank, SCV  
  101  6:07  SCV  
  101  6:09  Missile Turret  
  101  6:10  SCV  
  107  6:12  Marine  
  108  6:22  SCV x2, Marine x4  
  108  6:24  SCV  
  108  6:25  Barracks Reactor, Barracks Tech Lab  
  115  6:26  Armory  
  115  6:29  SCV  
  115  6:34  Bunker, SCV x2  
  115  6:35  Marine  
  115  6:36  Siege Tank, Supply Depot  
  115  6:38  SCV  
  122  6:40  Marauder, Supply Depot  
  124  6:51  Supply Depot  
  124  6:55  Factory  
  124  6:57  Medivac, Marine x3, SCV  
  124  6:58  Marauder  
  132  7:01  Medivac, Marine, SCV x3  
  132  7:02  Marauder  
  140  7:11  Refinery  
  140  7:12  Command Center, SCV  
  140  7:13  Refinery  
  140  7:14  SCV x3  
  144  7:16  Supply Depot  
  144  7:18  Supply Depot, Marine  
  144  7:19  Terran Infantry Armor Level 2, Marauder  
  147  7:25  Marauder  
  147  7:26  Missile Turret  
  148  7:34  Thor, Marine x2  
  148  7:35  Marine x2, Supply Depot  
  158  7:43  Terran Ship Weapons Level 1  
  161  7:45  SCV  
  161  7:46  Marine x4  
  161  7:48  SCV  
  161  7:50  Missile Turret  
  161  7:51  SCV  
  166  7:52  Marine x2  
  166  7:53  Marine  
  166  7:56  Missile Turret  
  166  7:57  Missile Turret  
  169  7:58  Missile Turret  
  169  8:00  Sensor Tower  
  169  8:01  Missile Turret x2  
  169  8:10  Terran Infantry Weapons Level 2, Sensor Tower  
  169  8:11  Missile Turret  
  169  8:14  Factory Tech Lab  
  169  8:17  Thor  
  172  8:23  Ghost Academy  
  172  8:24  Barracks x3, Starport  
  172  8:37  Siege Tank  
  175  8:41  Command Center  
  175  8:44  Command Center  
  175  8:47  Supply Depot  
  175  8:54  Ghost x2  
  179  9:00  Siege Tank, Missile Turret  
  179  9:02  Sensor Tower, Missile Turret  
  182  9:05  Starport Reactor  
  185  9:10  Siege Tank, Missile Turret  
  185  9:15  Liberator  
  185  9:16  Command Center  
  188  9:23  Ghost x2  
  172  9:32  Siege Tank  
  166  9:40  Command Center  
  166  9:42  Siege Tank, Liberator x2  
  166  9:43  Command Center  
  166  9:45  Liberator  
  175  9:49  SCV x2  
  175  9:52  SCV  
  181  9:54  SCV  
  181  9:57  Liberator, Missile Turret  
  181  9:59  Orbital Command  
  185  10:01  Sensor Tower, SCV x2  
  185  10:04  Siege Tank  
  185  10:05  SCV  
  191  10:08  Terran Infantry Armor Level 3  
  191  10:10  SCV  
  191  10:16  Ghost  
  191  10:17  Ghost  
  191  10:19  SCV  
  191  10:20  SCV  
  195  10:24  Liberator  
  198  10:36  Planetary Fortress, Supply Depot  
  198  10:41  Missile Turret  
  198  10:43  Orbital Command, Command Center  
  198  10:45  Ghost  
  198  10:47  Terran Infantry Weapons Level 3  
  198  10:49  Command Center  
  200  10:57  Missile Turret  
  200  10:58  Barracks Tech Lab x3  
  200  11:03  Missile Turret  
  200  11:04  Missile Turret  
  200  11:05  Sensor Tower  
  200  11:08  Command Center x2  
  194  11:11  Refinery x2  
  194  11:12  Terran Ship Weapons Level 2  
  194  11:13  Ghost  
  189  11:19  Orbital Command  
  189  11:21  Marauder x2, Marine  
  189  11:22  Marine  
  192  11:26  Marine  
  192  11:27  Marauder  
  192  11:30  Marine  
  192  11:31  Marine, Marauder  
  199  11:39  Orbital Command  
  199  11:45  Personal Cloaking  
  199  11:49  Refinery  
  199  11:59  Orbital Command  
  199  12:00  Fusion Core  
  199  12:05  Command Center  
  196  12:08  Liberator  
  196  12:14  Orbital Command  
  197  12:16  Command Center  
  197  12:19  Ghost Academy  
  197  12:23  Ghost Academy  
  197  12:24  Liberator  
  200  12:31  Command Center  
  200  12:38  Sensor Tower  
  200  12:43  Orbital Command  
  200  12:50  Armory  
  200  12:51  Nuke  
  200  12:54  Command Center  
  195  13:00  Missile Turret  
  195  13:03  Liberator  
  195  13:05  Missile Turret  
  198  13:11  Nuke  
  198  13:19  Ghost  
  193  13:21  Sensor Tower  
  191  13:28  Terran Vehicle Weapons Level 1  
  191  13:29  Ghost x4  
  199  13:35  Advanced Ballistics  
  182  13:48  Ghost  
  182  13:53  Orbital Command  
  184  13:57  Ghost x3  
  184  14:01  Ghost  
  192  14:11  Planetary Fortress  
  192  14:18  Ghost  
  192  14:21  Liberator  
  192  14:22  Missile Turret  
  192  14:23  Missile Turret  
  192  14:24  Orbital Command x2, Sensor Tower, Missile Turret  
  194  14:28  Terran Vehicle And Ship Armor Level 1  
  194  14:29  Nuke  
  194  14:37  Liberator  
  194  14:54  Missile Turret  
  194  14:55  Missile Turret  
  194  14:56  Liberator  
  197  15:00  Liberator  
  198  15:18  Ghost x2  
  195  15:30  Ghost  
  195  15:34  Ghost  
  189  15:36  Planetary Fortress  
  189  15:39  Liberator x3  
  198  15:44  Missile Turret  
  198  15:46  Missile Turret  
  198  15:49  Factory, Terran Vehicle Weapons Level 2  
  198  15:51  Command Center  
  198  15:52  Factory  
  192  16:01  Nuke x3  
  185  16:25  Orbital Command  
  185  16:27  Refinery  
  185  16:29  Command Center, Refinery  
  182  16:34  Command Center  
  182  16:37  Siege Tank x2  
  188  16:46  Sensor Tower  
  185  17:03  Ghost x4  
  191  17:09  Siege Tank x2  
  190  17:26  Orbital Command  
  185  17:30  Orbital Command  
  178  17:38  Orbital Command  
  178  17:43  Liberator x2  
  178  17:44  Liberator, Marauder, Marine x6  
  178  17:45  Marauder x4  
  178  17:49  Orbital Command, Factory Tech Lab, Factory Reactor  
  194  17:54  Command Center  
  194  17:58  Orbital Command  
  194  18:00  Siege Tank  
  194  18:02  Marine x4  
  197  18:24  Liberator  
  200  18:30  Command Center  
  198  18:35  Concussive Shells  
  198  18:37  Terran Vehicle And Ship Armor Level 2  
  198  18:38  Nuke, Terran Vehicle Weapons Level 3  
  198  18:48  Siege Tank  
  186  19:10  Command Center  
  186  19:14  Missile Turret x2  
  186  19:15  Sensor Tower  
  186  19:19  Ghost  
  186  19:20  Ghost  
  186  19:23  Ghost  
  189  19:31  Ghost  
  189  19:32  Ghost  
  191  19:48  Ghost x2  
  191  19:52  Ghost  
  195  19:59  Marine  
  198  20:00  Ghost  
  200  20:28  Marine  
  187  20:33  Marauder x5, Marine x5  
  181  20:46  Marine  
  180  20:50  Marine  
  180  20:51  Marine x4  
  180  20:54  Marauder x5  
  182  21:03  Nuke x2  
  182  21:04  Marine  
  148  21:08  Marine x5, Medivac  
  145  21:15  Marine x3  
  145  21:16  Medivac x3, Marauder x2  
  158  21:21  Marine  
  158  21:23  Siege Tank  
  158  21:24  Siege Tank x2  
  158  21:25  Hellbat x2  
  170  21:26  Marine x5  
  170  21:31  Planetary Fortress  
  172  21:33  Marine x2  
  172  21:34  Marauder  
  172  21:37  Marine x2  
  172  21:38  Medivac  
  172  21:39  Marine  
  178  21:44  Marine x5  
  178  21:46  Medivac x3, Refinery x2  
  189  21:51  Marine x2  
  166  21:54  Marine x2  
  166  21:55  Hellbat, Marauder  
  166  21:56  Siege Tank x2  
  166  21:57  Marine  
  166  21:59  SCV x7  
  179  22:02  Marine x5  
  179  22:05  SCV  
  177  22:09  Marine x2  
  177  22:13  Marauder x2  
  177  22:15  Marine  
  163  22:16  Marine  
  163  22:19  Marine  
  163  22:20  Marine x4  
  156  22:27  Marine  
  136  22:35  Liberator x4  
  124  22:44  Siege Tank, Widow Mine  
  124  22:45  Hellbat x3  
  124  22:47  Ghost  
  124  22:48  Ghost  
  124  22:49  Marauder  
  124  22:50  Marauder x2  
  131  22:56  Marine  
  132  23:06  Hellbat x2  
  132  23:07  Hellbat x2  
  132  23:11  Marauder x3  
  146  23:17  Hellbat, Marauder  
  146  23:18  Liberator x3  
  159  23:20  Command Center x2  
  159  23:22  Marauder  
  158  23:27  Hellbat  
  158  23:30  Marine  
  158  23:32  Marauder x3  
  158  23:33  Marine  
  160  23:35  Marine  
  160  23:37  Marine x2  
  160  23:38  Marauder  
  160  23:39  Marine  
  144  23:44  Marauder  
  144  23:48  Marine  
  144  23:51  Marine  
  154  24:01  Orbital Command  
  158  24:11  Ghost x3, Marine x6  
  158  24:14  Medivac x2  
  158  24:15  Medivac x2  
  152  24:18  Hellbat  
  152  24:19  Hellbat x4  
  152  24:20  Marauder x2  
  166  24:29  Marine x4  
  170  24:33  Marine  
  171  24:40  Hellbat x5  
  171  24:43  Orbital Command, Marine  
  171  24:44  Medivac  
  184  24:48  Marauder  
  186  24:56  Marine  
  186  24:57  Marauder  
  186  24:58  Marine  
  190  25:01  Marine  
  185  25:07  Marine  
  185  25:08  Marauder  
  188  25:20  Ghost  
  190  25:22  Ghost  
  173  25:30  Marine  
  173  25:31  Marine, Marauder  
  173  25:34  Orbital Command  
  125  25:38  Hellbat  
  127  25:46  Hellion  
  127  25:47  Hellion  
  125  26:06  Orbital Command  
  123  26:16  Siege Tank x2  
  129  26:22  Marine  
  122  26:42  Marauder  

Tags
 
Add a new tag
Caveats
  • Supply blocks, unpowered buildings, or Contaminate may cause inaccurate times.
  • Supply counts are checked every 10 seconds.